 Dungeon Crawl Stone Soup version 0.20.0-15-g7f486f2 (webtiles) character file.

445 kuniqs the Covered (level 7, -18/44 HPs)
             Began as a Gargoyle Fighter on June 10, 2017.
             Demolished by an ogre
             ... wielding a +0 giant spiked club
              (22 damage)
             ... on level 4 of the Dungeon.
             The game lasted 00:03:37 (3357 turns).

kuniqs the Covered (Gargoyle Fighter)               Turns: 3357, Time: 00:03:38

Health: -18/44     AC: 12    Str: 20    XL:     7   Next: 3%
Magic:  7/7        EV:  8    Int:  8    God:
Gold:   240        SH:  9    Dex: 11    Spells: 6/6 levels left

rFire    . . .     SeeInvis .   a - +0 flail
rCold    . . .     Gourm    .   c - +0 shield
rNeg     + . .     Faith    .   b - +0 scale mail
rPois    ∞         Spirit   .   (no helmet)
rElec    +         Reflect  .   (no cloak)
rCorr    .         Harm     .   (no gloves)
MR       .....                  (no boots)
Stlth    ..........             (no amulet)
Regen    0.2/turn               (no ring)
MPRegen  0.1/turn               (no ring)

@: no status effects
A: negative energy resistance 1, electricity resistance, unbreathing,
petrification resistance, rot immunity, AC +4
a: no special abilities


You were on level 4 of the Dungeon.
You were not hungry.

You visited 1 branch of the dungeon, and saw 4 of its levels.

You collected 240 gold pieces.

Inventory:

Hand Weapons
 a - a +0 flail (weapon)
Armour
 b - a +0 scale mail (worn)
 c - a +0 shield (worn)
Jewellery
 o - an uncursed ring of ice
Wands
 h - a wand of random effects (14/48)
Scrolls
 g - 8 scrolls of identify {unknown}
 i - a scroll of noise {unknown}
 k - a scroll of teleportation {unknown}
 l - 3 scrolls of recharging {unknown}
 n - a scroll of blinking {unknown}
 p - a scroll of fear {unknown}
 q - a scroll of enchant weapon {unknown}
 r - a scroll of magic mapping {unknown}
 t - a scroll of amnesia {unknown}
Potions
 j - 3 potions of curing {unknown}
 m - a potion of might
Comestibles
 d - 5 bread rations
 e - 6 meat rations
 f - a fruit
 s - a royal jelly


   Skills:
 + Level 4.4 Fighting
 + Level 3.2 Maces & Flails
 + Level 2.1 Throwing
 + Level 4.5 Armour
 + Level 2.4 Dodging
 + Level 4.5 Shields


You had 6 spell levels left.
You didn't know any spells.

Dungeon Overview and Level Annotations

Branches:
Dungeon (4/15)
 Temple: D:4-7

Altars:
Gozag
Hepliaklqana
Makhleb
Xom
The Shining One


Innate Abilities, Weirdness & Mutations

You are resistant to torment.
Your stone body is resilient. (AC +4)
You are immune to poison.
You resist negative energy. (rN+)
You are resistant to electric shocks. (rElec)
You can survive without breathing.
You are immune to petrification.
You are immune to rotting.


Message History

The ogre is heavily wounded.
The ogre hits you with a giant spiked club.
You hit the ogre.
The ogre is severely wounded.
The ogre hits you with a giant spiked club!
You are too injured to fight recklessly!
You are too injured to fight recklessly!
You are too injured to fight recklessly!
You hit the ogre.
The ogre is almost dead.
The ogre hits you with a giant spiked club!!
* * * LOW HITPOINT WARNING * * *
You barely miss the ogre.
The ogre is almost dead.
The ogre barely misses you.
You hit the ogre.
The ogre is almost dead.
The ogre hits you with a giant spiked club!!
Ouch! That really hurt!
You die...

#§##...#.#.#
#..........
##Z#...#.#..
#..........
#E##...#.#
#.#..........
####...#.#
#.#?.........
###....#.#
#.#..........
..#....#.#
#.#..........
#'#.##.#.#
#.#........$.
..#.##...#
#.#.O........
....###..#
#.#@.......%. #####
#..#####............
#.>......########...
########.# .. #.# .
#.# #.# #.# ...


You could see an ogre.

Vanquished Creatures
  The ghost of maniacrov the Firebug, an amateur DEFE (D:3)
  A scorpion (D:4)
  A jelly (D:4)
  A hound (D:3)
  A gnoll shaman (D:4)
  9 gnolls
  7 adders
  An ooze (D:3)
  2 worms (D:2)
  6 dart slugs
  A leopard gecko (D:4)
  An orc (D:4)
  4 bats
  4 giant cockroaches
  13 goblins
  13 hobgoblins
  8 kobolds
  3 ball pythons
  4 frilled lizards
  5 rats
86 creatures vanquished.

Notes
Turn   | Place    | Note
-------+----------+-------------------------------------------
     0 | D:1      | kuniqs the Gargoyle Fighter began the quest for the Orb.
     0 | D:1      | Reached XP level 1. HP: 14/14 MP: 1/1
   111 | D:1      | Reached XP level 2. HP: 19/19 MP: 2/2
   779 | D:2      | Reached skill level 1 in Throwing
   779 | D:2      | Reached XP level 3. HP: 20/23 MP: 3/3
   861 | D:2      | Reached skill level 1 in Dodging
  1230 | D:2      | Found a glowing golden altar of the Shining One.
  1238 | D:2      | Reached XP level 4. HP: 17/28 MP: 4/4
  1815 | D:3      | Reached XP level 5. HP: 16/33 MP: 5/5
  2042 | D:3      | Found an opulent altar of Gozag.
  2145 | D:3      | Noticed maniacrov's ghost (amateur DEFE)
  2160 | D:3      | Killed maniacrov's ghost
  2377 | D:3      | Reached XP level 6. HP: 35/38 MP: 6/6
  2483 | D:3      | Found a burning altar of Makhleb.
  3034 | D:4      | Reached XP level 7. HP: 29/44 MP: 7/7
  3316 | D:4      | Found a shimmering altar of Xom.
  3317 | D:4      | Found a hazy altar of Hepliaklqana.
  3318 | D:4      | Noticed a spectral ugly thing
  3357 | D:4      | Demolished by an ogre

Skill      XL: |  1  2  3  4  5  6 |
---------------+-------------------+-----
Throwing       | 1 2 |  2.1
Dodging        | 1 2 |  2.4
Shields        | 4 |  4.5
Fighting       | 4 |  4.4
Armour         | 4 |  4.5
Maces & Flails | 3 |  3.2

Action                   |  1- 3 |  4- 6 |  7- 9 || total
-------------------------+-------+-------+-------++-------
Melee: Flail             |   141 |   231 |    32 ||   404
  Eat: Chunk             |     1 |     6 |     2 ||     9
Armor: Scale mail        |    62 |   126 |    12 ||   200
Dodge: Dodged            |    37 |    99 |     9 ||   145
Block: Shield            |    70 |   145 |    16 ||   231
